 Dungeon Crawl Stone Soup version 0.17-a0-854-g4a4ba72 (webtiles) character file.

123726 namelastname112 the Sharpshooter (level 16, -3/132 HPs)
             Began as a Grey Draconian Hunter on Apr 28, 2015.
             Was the Champion of Okawaru.
             Slain by a deep elf knight
             ... wielding a +0 long sword
              (10 damage)
             ... on level 1 of the Elven Halls.
             The game lasted 01:39:22 (37160 turns).

namelastname112 the Sharpshooter (DrHu)            Turns: 37160, Time: 01:39:23

Health: -3/132     AC: 20    Str: 22    XL:     16   Next: 37%
Magic:  16/16      EV: 23    Int:  8    God:    Okawaru [******]
Gold:   463        SH:  0    Dex: 19    Spells: 0 memorised, 15 levels left

rFire  + + +     SeeInvis .     a - +1 quarterstaff (speed)
rCold  + + .     Clarity  .     (armour unavailable)
rNeg   + . .     SustAb   .     (no shield)
rPois  +         Gourm    .     l - -2 hat of the Alchemist {rElec rPois rF+ rC+ rN+ MR+ rMut rCorr}
rElec  +         Spirit   .     m - +1 cloak {rPois}
rCorr  +         Warding  .     Y - +0 pair of gloves of Gozag's Esteem {Str+2 Int-4 Dex+3}
rMut   +         Stasis   .     F - +0 pair of boots
MR     +++..                    L - amulet of faith
Stlth  ++........               N - ring "Xomal" {rF++ rC+ Str+4 Dex-3}
                                t - +4 ring of protection

@: extremely resistant to hostile enchantments, unstealthy
A: walk through water, unfitting armour, beak, horns 1, stinger 1, frail 1,
magic resistance 1, mutation resistance 1, sense surroundings 1, slow healing 1,
strong 1, unbreathing, cold-blooded, AC +14
a: Heroism, Finesse, Renounce Religion


You were on level 1 of the Elven Halls.
You worshipped Okawaru.
Okawaru was exalted by your worship.
You were very hungry.

You visited 4 branches of the dungeon, and saw 28 of its levels.
You also visited: Labyrinth and Ice Cave.

You collected 3102 gold pieces.
You spent 2639 gold pieces at shops.

Inventory:

Hand weapons
 a - a +1 quarterstaff of speed (weapon)
 b - the +1 triple crossbow of Piulaf {velocity, rN+ Dex-2 Stlth+}
   (Okawaru gifted it to you on level 1 of the Lair of Beasts)

   Any bolt fired from it inflicts extra damage.
   It affects your dexterity (-2).
   It protects you from negative energy.
   It makes you more stealthy.
Missiles
 c - 162 bolts
 p - 7 bolts of penetration
 B - 31 poisoned bolts
 E - 11 bolts of frost
 H - 12 silver bolts
 O - 30 bolts of flame
Armour
 l - the -2 hat of the Alchemist (worn) {rElec rPois rF+ rC+ rN+ MR+ rMut rCorr}
   (You bought it in a shop on level 3 of the Orcish Mines)

   It protects you from fire.
   It protects you from cold.
   It insulates you from electricity.
   It protects you from poison.
   It protects you from negative energy.
   It affects your resistance to hostile enchantments.
   It protects you from acid and corrosion.
   It protects you from mutation.
 m - a +1 cloak of poison resistance (worn)
 F - a +0 pair of boots (worn)
 Y - the +0 pair of gloves of Gozag's Esteem (worn) {Str+2 Int-4 Dex+3}
   (You bought it in a shop on level 3 of the Orcish Mines)

   It affects your strength (+2).
   It affects your intelligence (-4).
   It affects your dexterity (+3).
Jewellery
 r - the amulet of Xom's Ringing Laughter {Ward rC+ rN+}
   (You found it in a labyrinth)

   [amulet of warding]

   It may prevent the melee attacks of summoned creatures.
   It protects you from cold.
   It protects you from negative energy.
 t - a +4 ring of protection (left hand)
 L - an amulet of faith (around neck)
 N - the ring "Xomal" (right hand) {rF++ rC+ Str+4 Dex-3}
   (You found it in a labyrinth)

   [ring of protection from cold]

   It affects your strength (+4).
   It affects your dexterity (-3).
   It greatly protects you from fire.
   It protects you from cold.
Magical devices
 i - a wand of cold (3)
 v - a wand of invisibility (2)
 C - a wand of teleportation (4)
 K - a wand of teleportation (2)
 Q - a wand of digging (9)
 W - a wand of fire (8)
Scrolls
 g - 6 scrolls of fear
 j - 3 scrolls of fog
 q - 7 scrolls of recharging
 u - a scroll of blinking
 w - 10 scrolls of remove curse
 D - 2 scrolls of teleportation
 R - 6 scrolls of identify
Potions
 e - a potion of heal wounds
 f - a potion of might
 k - 2 potions of magic
 n - a potion of invisibility
 o - a potion of brilliance
 x - 6 potions of curing
 M - a potion of ambrosia
 P - 3 potions of flight
 T - a potion of haste
 V - a potion of restore abilities
 Z - 2 potions of agility
Books
 y - the Disquisition on Evil
   (You found it on level 1 of the Elven Halls)

   Spells                             Type                      Level
   a - Animate Skeleton               Necromancy                   1
   b - Corpse Rot                     Necromancy                   2
   c - Animate Dead                   Necromancy                   4
   d - Control Undead                 Necromancy                   4
   e - Excruciating Wounds            Charms/Necromancy            5
Comestibles
 d - 16 bread rations
 h - a beef jerky
 s - a royal jelly
 S - 23 fruits


   Skills:
 + Level 14.6 Fighting
 + Level 13.0 Staves
 * Level 17.0 Crossbows
 + Level 12.5 Dodging
 - Level 0.8 Stealth


You had 15 spell levels left.
You didn't know any spells.

Dungeon Overview and Level Annotations

Branches:
Dungeon (15/15)            Temple (0/1) D:7            Lair (8/8) D:10
 Shoals (0/4) Lair:4        Snake (0/4) Lair:6        Slime (0/6) Lair:6
    Orc (4/4) D:11            Elf (1/3) Orc:3        Vaults (0/5) D:13
 Depths (0/5) D:15

Altars:
Ashenzari
Dithmenos
Fedhas
Kikubaaqudgha
Makhleb
Nemelex Xobeh
Okawaru
Sif Muna
Trog
Zin
The Shining One
Beogh
Jiyva

Shops:
D:7 !   D:9 !   D:11 ?   D:13 !   Orc:1 *   Orc:3 [   Orc:4 ?:%[


Innate Abilities, Weirdness & Mutations

You can walk through water.
Your dull iron-grey scales are very hard (AC +14).
Your body does not fit into most forms of armour.
You can survive without breathing.
You are cold-blooded and may be slowed by cold attacks.
You have a beak for a mouth.
You have a pair of small horns on your head.
Your tail ends in a poisonous barb.
You are frail (-10% HP).
You are resistant to hostile enchantments.
You are somewhat resistant to further mutation.
You passively map a small area around you.
You heal slowly when monsters are visible.
Your muscles are strong. (Str +2)


Message History

Your peck misses something. Something hits you but does no damage.
Something blocks your attack.
Your headbutt misses something. Your peck misses something.
Something blocks your attack.
You miss something. Something barely misses you. Something blocks your attack.
Your peck misses something. You tail-slap something. You hit something.
Something blocks your attack.
You tail-slap something. Something hits you!
You closely miss something. Something blocks your attack. Something hits you!
You barely miss something. You headbutt something. You peck something.
Your tail-slap misses something.
You hit something. Your headbutt misses something.
You hear some strange, mumbled words.
A shard of ice appears from out of thin air!
The shard of ice hits you! You partially resist.
* * * LOW HITPOINT WARNING * * *
Something blocks your attack. x2
Your peck misses something. You tail-slap something.
You closely miss something. You headbutt something! Something hits you!
You die...

, * ##.....## ,
.'......[#
#.......# #.......#
* #.......# * #*
#.......##
##...##+..)..#'## *
##.....+###)####.##
##.......###@#
##.## ## .
#.........##{#
##.######.#
#.........##.#
##'#.#.'# * *
#.........##.#
##..#..##
+..[.....# #.#
##...#...#
*##'.....#* #.#
##'#..'..##
##.##...'## #.#
##.###.#.##
####.####'##.###.#
##.## ####'# ..#.##
#.###.##+###.##
#...#


There were no monsters in sight!

Vanquished Creatures
  Gastronok (D:10)
  Roxanne (D:15)
  An orc warlord (Orc:3)
  A deep elf death mage (Elf:1)
  Snorg (Orc:2)
  2 fire dragons
  A minotaur (Lab)
  Erolcha (D:10)
  The ghost of MordorOrchid the Cleaver, a powerful MiBe of Trog (IceCv)
  A rakshasa (D:15)
  Harold (Lair:3)
  An ice dragon (D:15)
  A catoblepas (Lair:8)
  10 hydras
  Erica (Lair:1)
  6 ogre magi
  4 centaur warriors
  2 orc high priests (Orc:4)
  7 death yaks
  Urug (D:11)
  A deep elf knight (Elf:1)
  5 skeletal warriors
  3 ice devils (IceCv)
  An unseen horror (D:11)
  A deep elf summoner (Elf:1)
  2 ice statues (IceCv)
  2 necromancers (Elf:1)
  Pikel (D:4)
  3 griffons (Lair:8)
  A deep elf conjurer (Elf:1)
  A wolf spider zombie (D:14)
  8 hill giants
  A hornet (D:15)
  A moth of wrath (shapeshifter) (D:15)
  2 orc knights
  3 large abominations (Elf:1)
  2 orc sorcerers (Orc:3)
  2 oklob plants (Lair:6)
  17 ugly things
  9 black mambas
  3 elephants (Lair:8)
  3 cyclopes
  4 centaur zombies
  2 centaur skeletons
  4 manticores
  A siren (Lair:4)
  An orange crystal statue (Lair:3)
  2 gargoyles
  10 komodo dragons
  17 spiny frogs
  7 blue devils (IceCv)
  3 deep elf priests
  A minotaur zombie (Lab)
  20 two-headed ogres
  6 fire drakes
  3 trolls
  Grinder (D:3)
  3 polar bears
  Prince Ribbit (D:5)
  14 blink frogs
  A boulder beetle (Lair:8)
  4 wyverns
  2 vampires
  2 wraiths
  43 yaks
  16 humans
  5 mottled dragons
  4 deep elf magi
  A hungry ghost (D:10)
  A steam dragon (Lair:4)
  7 basilisks
  9 deep elf fighters
  12 hippogriffs
  7 water moccasins
  A mottled dragon (shapeshifter) (D:15)
  3 nagas
  8 wolves
  5 wargs
  10 porcupines
  3 swamp drakes
  9 ice beasts
  21 orc warriors
  A necrophage (D:11)
  6 wasps
  4 black bears
  3 sky beasts
  A slave (D:4)
  11 centaurs
  3 phantoms
  48 ogres
  A boring beetle (Lair:7)
  An elf zombie (Elf:1)
  22 crocodiles
  A brain worm (D:13)
  23 giant frogs
  A wyvern zombie (D:14)
  2 big kobolds
  A wyvern skeleton (D:12)
  5 scorpions
  A killer bee (shapeshifter) (D:7)
  12 wights
  3 killer bees (D:9)
  2 electric eels
  7 crimson imps
  7 jellies
  A giant frog zombie (D:13)
  5 hounds
  Crazy Yiuf (D:2)
  Ijyb (D:2)
  28 orc priests
  A giant frog skeleton (D:6)
  Jessica (D:2)
  16 worker ants
  5 hell rats (Lair:6)
  14 iguanas
  26 orc wizards
  2 killer bee zombies (D:10)
  17 sheep
  2 hound skeletons
  2 worker ant zombies
  3 gnolls (D:7)
  72 river rats
  14 adders
  2 shadow imps
  19 white imps
  5 ufetubi (IceCv)
  5 oozes
  An adder zombie (D:5)
  6 worms
  An adder skeleton (D:8)
  182 orcs
  A bat skeleton (D:6)
  A bat zombie (D:7)
  6 giant cockroaches
  20 hobgoblins
  16 jackals
  24 kobolds
  7 quokkas
  3 ball pythons
  13 bats
  10 giant geckos
  7 giant newts
  A giant spore (D:13)
  18 goblins
  A quokka skeleton (D:4)
  2 quokka zombies
  15 rats
  3 ballistomycetes
  A bush (Lair:6)
  A fungus (Lair:6)
  A plant (Lair:6)
1140 creatures vanquished.

Vanquished Creatures (collateral kills)
  An orc wizard (D:11)
1 creature vanquished.

Vanquished Creatures (others)
  An ugly thing (D:12)
  A worker ant (D:4)
  An adder (D:4)
  2 white imps (IceCv)
  3 ufetubi (IceCv)
  2 orcs
  A jackal (D:4)
  A quokka (D:8)
  A giant spore (D:8)
  A goblin (D:4)
  A kobold (D:4)
  11 fungi
  4 plants (Lair:8)
  A toadstool (D:4)
31 creatures vanquished.

Grand Total: 1172 creatures vanquished

Notes
Turn   | Place    | Note
--------------------------------------------------------------
     0 | D:1      | namelastname112, the Draconian Hunter, began the quest for the Orb.
     0 | D:1      | Reached XP level 1. HP: 17/17 MP: 1/1
   263 | D:1      | Reached XP level 2. HP: 11/24 MP: 2/2
   519 | D:1      | Reached skill level 4 in Crossbows
  1070 | D:2      | Found a deep blue altar of Sif Muna.
  1122 | D:2      | Reached XP level 3. HP: 18/30 MP: 3/3
  1177 | D:2      | Noticed Jessica
  1188 | D:2      | Killed Jessica
  1442 | D:2      | Noticed Ijyb
  1858 | D:2      | Reached XP level 4. HP: 20/37 MP: 4/4
  2232 | D:2      | Killed Ijyb
  2555 | D:2      | Noticed Crazy Yiuf
  2601 | D:2      | Killed Crazy Yiuf
  2601 | D:2      | Reached skill level 5 in Crossbows
  2601 | D:2      | Reached XP level 5. HP: 42/45 MP: 5/5
  2863 | D:3      | Noticed Grinder
  2883 | D:3      | Killed Grinder
  2883 | D:3      | Reached skill level 1 in Staves
  2883 | D:3      | Reached XP level 6. HP: 7/52 MP: 6/6
  3186 | D:3      | Found a sparkling altar of Nemelex Xobeh.
  3230 | D:3      | Found a glowing silver altar of Zin.
  3383 | D:3      | Found a blossoming altar of Fedhas.
  3675 | D:4      | Reached skill level 6 in Crossbows
  3750 | D:4      | Noticed Pikel
  3762 | D:4      | Your scales start taking on a dull iron-grey colour.
  3762 | D:4      | Gained mutation: You can survive without breathing. [Grey Draconian growth]
  3762 | D:4      | Reached XP level 7. HP: 52/59 MP: 7/7
  3777 | D:4      | Killed Pikel
  3817 | D:4      | Reached XP level 8. HP: 12/67 MP: 8/8
  3884 | D:4      | Reached skill level 5 in Fighting
  4079 | D:4      | Reached skill level 7 in Crossbows
  4112 | D:4      | Found a viscous altar of Jiyva.
  4565 | D:4      | Found a glowing golden altar of the Shining One.
  4565 | D:4      | Found an ancient bone altar of Kikubaaqudgha.
  5047 | D:5      | Entered Level 5 of the Dungeon
  5285 | D:5      | Noticed Prince Ribbit
  5316 | D:5      | Killed Prince Ribbit
  5316 | D:5      | Reached skill level 5 in Dodging
  5330 | D:5      | Reached skill level 8 in Crossbows
  5330 | D:5      | Reached XP level 9. HP: 40/75 MP: 9/9
  5641 | D:5      | Noticed a moth of wrath
  5643 | D:5      | Found a bloodstained altar of Trog.
  6993 | D:6      | Reached skill level 5 in Staves
  7123 | D:6      | Gained mutation: Your muscles are strong. (Str +2) [mutagenic meat]
  7124 | D:6      | Gained mutation: Scrolls take you a little longer to read. [mutagenic meat]
  7125 | D:6      | Gained mutation: You have a pair of small horns on your head. [mutagenic meat]
  7126 | D:6      | Gained mutation: Your spells are a little easier to cast, but a little less powerful. [mutagenic meat]
  7321 | D:7      | Found a burning altar of Makhleb.
  7321 | D:7      | Found an iron altar of Okawaru.
  7329 | D:7      | Became a worshipper of Warmaster Okawaru
  7630 | D:7      | Paralysed by a wasp for 1 turns
  7689 | D:7      | Found a staircase to the Ecumenical Temple.
  7742 | D:7      | Reached skill level 9 in Crossbows
  7896 | D:7      | Gained mutation: You have a beak for a mouth. [mutagenic meat]
  7897 | D:7      | Gained mutation: You passively map a small area around you. [mutagenic meat]
  7898 | D:7      | Lost mutation: Your spells are a little easier to cast, but a little less powerful. [mutagenic meat]
  8016 | D:7      | Found Nizxofu's Distillery.
  8019 | D:7      | Bought 2 potions of curing for 90 gold pieces
  8019 | D:7      | Bought a potion of curing for 45 gold pieces
  8203 | D:8      | Acquired Okawaru's first power
  8335 | D:8      | Reached XP level 10. HP: 11/86 MP: 10/10
  8837 | D:8      | Found a bloodstained altar of Trog.
  9279 | D:9      | Found a shadowy altar of Dithmenos.
  9292 | D:9      | Found Gusupn's Distillery.
  9341 | D:9      | Bought a potion of heal wounds for 75 gold pieces
  9382 | D:9      | Reached skill level 10 in Crossbows
  9636 | D:10     | Entered Level 10 of the Dungeon
  9729 | D:10     | Noticed Gastronok
  9787 | D:10     | Noticed a hill giant
  9793 | D:10     | Killed a hill giant
  9810 | D:10     | Noticed Erolcha
  9817 | D:10     | Killed Erolcha
  9824 | D:10     | Received a gift from Okawaru
 10070 | D:10     | Found a staircase to the Lair.
 10194 | D:10     | Reached XP level 11. HP: 95/95 MP: 11/11
 10216 | D:10     | Noticed a hill giant
 10225 | D:10     | Killed a hill giant
 10442 | D:10     | Killed Gastronok
 10442 | D:10     | Received a gift from Okawaru
 10442 | D:10     | Acquired Okawaru's second power
 10442 | D:10     | Received a gift from Okawaru
 10442 | D:10     | Reached skill level 11 in Crossbows
 11226 | D:11     | Found a shattered altar of Ashenzari.
 11315 | D:11     | Noticed an unseen horror
 11338 | D:11     | Killed an unseen horror
 11338 | D:11     | Received a gift from Okawaru
 11343 | D:11     | Noticed Urug
 11366 | D:11     | Killed Urug
 11366 | D:11     | Received a gift from Okawaru
 11431 | D:11     | Found a staircase to the Orcish Mines.
 11483 | D:11     | Found a roughly hewn altar of Beogh.
 11681 | D:11     | Received a gift from Okawaru
 11681 | D:11     | Reached skill level 10 in Fighting
 11874 | D:11     | Reached skill level 12 in Crossbows
 11930 | D:11     | Gained mutation: Your tail ends in a poisonous barb. [mutagenic meat]
 11931 | D:11     | Gained mutation: You heal slowly when monsters are visible. [mutagenic meat]
 11986 | D:11     | Found Caohuam's Magic Scroll Shop.
 12166 | D:12     | Reached XP level 12. HP: 106/106 MP: 12/12
 12241 | D:12     | Found a labyrinth entrance.
 12249 | Lab      | Entered a labyrinth
 12604 | Lab      | Noticed a minotaur
 12611 | Lab      | Killed a minotaur
 12661 | Lab      | Got a vibrating glass ring
 12663 | Lab      | Identified the ring "Xomal" {rF++ rC+ Str+4 Dex-3} (You found it in a labyrinth)
 12681 | Lab      | Got a faintly glowing brass amulet
 12688 | Lab      | Got a dazzling mace
 12810 | D:12     | Noticed a centaur warrior
 12822 | D:12     | Killed a centaur warrior
 13461 | D:12     | Received a gift from Okawaru
 13479 | D:12     | Gained mutation: You are resistant to hostile enchantments. [mutagenic meat]
 13480 | D:12     | Gained mutation: You are somewhat resistant to further mutation. [mutagenic meat]
 13780 | Lair:1   | Entered Level 1 of the Lair of Beasts
 13804 | Lair:1   | Identified the +8 mace of Equivalence {crush, Contam rF+ Int+4} (You found it in a labyrinth)
 13814 | Lair:1   | Got a jewelled morningstar
 13815 | Lair:1   | Identified the +3 morningstar "Banisher" {crush, +Inv Int+3} (You found it on level 1 of the Lair of Beasts)
 13841 | Lair:1   | Gained mutation: You are frail (-10% HP). [mutagenic glow]
 13992 | Lair:1   | Received a gift from Okawaru
 14368 | Lair:1   | Received a gift from Okawaru
 14376 | Lair:1   | Got a polished triple crossbow {god gift}
 14377 | Lair:1   | Identified the +1 triple crossbow of Piulaf {velocity, rN+ Dex-2 Stlth+} (Okawaru gifted it to you on level 1 of the Lair of Beasts)
 14590 | Lair:1   | Noticed Erica
 14594 | Lair:1   | Killed Erica
 14594 | Lair:1   | Reached skill level 13 in Crossbows
 15061 | Lair:2   | Identified the amulet of Xom's Ringing Laughter {Ward rC+ rN+} (You found it in a labyrinth)
 15604 | Lair:2   | Reached XP level 13. HP: 102/104 MP: 13/13
 16130 | Lair:2   | Noticed a four-headed hydra
 16140 | Lair:2   | Killed a four-headed hydra
 16140 | Lair:2   | Received a gift from Okawaru
 16963 | Lair:3   | Reached skill level 10 in Staves
 17186 | Lair:3   | Noticed Harold
 17194 | Lair:3   | Killed Harold
 18087 | Lair:4   | Found a staircase to the Shoals.
 18725 | Lair:5   | Received a gift from Okawaru
 18731 | Lair:5   | Got an ichor-stained lajatang {god gift}
 18736 | Lair:5   | Identified the +4 lajatang "Dujug" {vamp, -Tele rElec Int+5} (Okawaru gifted it to you on level 5 of the Lair of Beasts)
 18761 | Lair:5   | Reached skill level 10 in Dodging
 19081 | Lair:5   | Reached skill level 14 in Crossbows
 19116 | Lair:5   | Received a gift from Okawaru
 20667 | Lair:6   | Found a staircase to the Slime Pits.
 20667 | Lair:6   | Found a viscous altar of Jiyva.
 21142 | Lair:6   | Found a staircase to the Snake Pit.
 21162 | Lair:6   | Reached XP level 14. HP: 110/113 MP: 14/14
 22352 | Lair:7   | Received a gift from Okawaru
 23088 | Lair:8   | Entered Level 8 of the Lair of Beasts
 23806 | Lair:8   | Received a gift from Okawaru
 24334 | Lair:8   | Reached skill level 15 in Crossbows
 24820 | Lair:8   | Received a gift from Okawaru
 25832 | Lair:8   | Received a gift from Okawaru
 26309 | Orc:1    | Entered Level 1 of the Orcish Mines
 26441 | Orc:1    | Found Xovav's Assorted Antiques.
 26804 | Orc:2    | Noticed Snorg
 26823 | Orc:2    | Killed Snorg
 27479 | Orc:3    | Found Wiatoakh's Antique Armour Shoppe.
 27494 | Orc:3    | Bought a pair of encrusted gloves for 285 gold pieces
 27494 | Orc:3    | Bought the -2 hat of the Alchemist {rElec rPois rF+ rC+ rN+ MR+ rMut rCorr} for 1416 gold pieces
 27504 | Orc:3    | Identified the +0 pair of gloves of Gozag's Esteem {Str+2 Int-4 Dex+3} (You bought it in a shop on level 3 of the Orcish Mines)
 27712 | Orc:3    | Found a staircase to the Elven Halls.
 27953 | Orc:4    | Entered Level 4 of the Orcish Mines
 28032 | Orc:4    | Found a frozen archway.
 28048 | IceCv    | Entered an ice cave
 28059 | IceCv    | Noticed MordorOrchid's ghost (powerful MiBe)
 28105 | IceCv    | Killed MordorOrchid's ghost
 28601 | IceCv    | Reached XP level 15. HP: 122/122 MP: 15/15
 28668 | IceCv    | Received a gift from Okawaru
 29441 | Orc:4    | Received a gift from Okawaru
 29882 | Orc:4    | Found Uthroh's Magic Scroll Boutique.
 29883 | Orc:4    | Found Xina's Food Emporium.
 29883 | Orc:4    | Found Bab Uru's Book Emporium.
 29884 | Orc:4    | Found Mahow's Armour Shop.
 30877 | Orc:4    | Reached skill level 16 in Crossbows
 30908 | Orc:4    | Noticed an orc warlord
 31293 | Orc:3    | Killed an orc warlord
 31681 | D:13     | Found a gate to the Vaults.
 31877 | D:13     | Found Heucikac's Distillery.
 32664 | D:13     | Received a gift from Okawaru
 32683 | D:13     | Got a pitted buckler {god gift}
 32780 | D:13     | Identified a scroll of acquirement
 33760 | D:14     | Lost mutation: Scrolls take you a little longer to read. [mutagenic meat]
 33985 | D:15     | Entered Level 15 of the Dungeon
 34522 | D:15     | Noticed Roxanne
 34529 | D:15     | Received a gift from Okawaru
 35043 | D:15     | Killed Roxanne
 35043 | D:15     | Reached XP level 16. HP: 51/132 MP: 16/16
 35264 | D:15     | Received a gift from Okawaru
 35286 | D:15     | Got a crude golden amulet
 35294 | D:15     | Identified Roxanne's Volume of Mutagenic Earth (You took it off Roxanne on level 15 of the Dungeon)
 35986 | D:15     | Found a staircase to the Depths.
 36311 | D:11     | Bought a scroll of acquirement for 728 gold pieces
 36414 | Lair:1   | Identified the amulet of Bisulimusch {Inacc rC+ MP+9 Str-4 Int+4} (You found it on level 15 of the Dungeon)
 36539 | Elf:1    | Entered Level 1 of the Elven Halls
 36722 | Elf:1    | Reached skill level 17 in Crossbows
 37063 | Elf:1    | Identified the Disquisition on Evil
 37160 | Elf:1    | Slain by a deep elf knight

Action                   |  1- 3 |  4- 6 |  7- 9 | 10-12 | 13-15 | 16-18 || total
-------------------------+-------+-------+-------+-------+-------+-------++-------
Melee: Short sword       |   101 |    86 |       |       |       |       ||   187
       Quarterstaff      |       |    96 |   445 |   796 |  1850 |   214 ||  3401
       Unarmed           |       |       |       |       |     7 |       ||     7
 Fire: Hand crossbow     |     6 |    11 |       |    23 |       |       ||    40
       Arbalest          |       |       |       |    12 |    28 |       ||    40
       Triple crossbow   |       |       |       |    19 |   592 |    63 ||   674
Invok: Heroism           |       |       |       |     1 |     1 |       ||     2
Evoke: Wand              |       |     4 |     1 |       |       |       ||     5
  Use: Potion            |     1 |     2 |       |     2 |     8 |       ||    13
       Scroll            |       |       |    11 |    15 |    13 |     5 ||    44
 Stab: Paralysed         |       |     2 |     5 |    17 |       |       ||    24
       Sleeping          |       |     1 |     6 |     3 |     2 |       ||    12
       Petrifying        |       |       |       |     7 |       |       ||     7
       Petrified         |       |       |       |     1 |       |       ||     1
       Confused          |       |       |       |     5 |       |       ||     5
       Invisible         |       |       |       |       |     2 |       ||     2
       Distracted        |       |       |       |       |     1 |       ||     1
  Eat: Chunk             |     2 |     7 |    24 |    15 |    38 |    14 ||   100
       Beef jerky        |       |       |       |     6 |     6 |       ||    12
       Royal jelly       |       |       |       |     1 |       |       ||     1
       Bread ration      |       |       |       |     1 |     3 |       ||     4
       Meat ration       |       |       |       |       |     1 |     1 ||     2
       Fruit             |       |       |       |       |     1 |       ||     1
       Pizza             |       |       |       |       |     1 |       ||     1
